AoeStats
← Your Mom

Black Forest

503434769Analyzed
2v2 RM · 1mo ago on Aug 31, 2026· 59m 50s· 4 players
Game mode
Random Map
Map size
Medium (4 player)
Population
200
Speed
Normal
Resources
Standard
Victory
Conquest
Starting age
Dark Age
Ending age
Imperial Age
RankedLock teamsTeams togetherTeam positionsShared explorationLock speedFull tech treeHidden civsTurbo modeCheats
Victory
Defeat
🇪🇬 Teutons · Egypt
807
+16
🇩🇪 Khmer · Germany
770
+18
🇩🇪 Teutons · Germany
929
-22
🇩🇪 Chinese · Germany
691
-19
afimohkal
11:46 Feudal Age
16:43 Castle Age
15:51 Horse Collar
16:00 Double-Bit Axe
21:13 Gold Mining
27:39 Imperial Age
26:46 Wheelbarrow
25:56 Town Watch
28:36 Caravan
29:42 Conscription
28:44 Elite Teutonic Knight
30:25 Forging
30:16 Scale Mail Armor
30:28 Heavy Plow
31:40 Chemistry
32:48 Crenellations
33:00 Bow Saw
35:06 Fortified Wall
36:34 Iron Casting
36:16 Chain Mail Armor
35:52 Fletching
36:29 Pikeman
37:09 Squires
36:55 Arson
37:26 Bodkin Arrow
38:34 Blast Furnace
38:44 Plate Mail Armor
39:52 Ballistics
60:31 Two-Man Saw
60:04 Crop Rotation
Your Mom
0:27 Loom
10:52 Feudal Age
14:23 Double-Bit Axe
16:08 Wheelbarrow
16:19 Gold Mining
16:34 Stone Mining
16:38 Horse Collar
24:28 Castle Age
23:44 Forging
23:40 Scale Barding Armor
23:37 Scale Mail Armor
25:58 Bow Saw
26:28 Gold Shaft Mining
26:35 Stone Shaft Mining
26:22 Heavy Plow
27:43 Caravan
31:23 Hand Cart
33:55 Pikeman
34:48 Bloodlines
34:38 Husbandry
35:27 Iron Casting
35:30 Chain Barding Armor
35:34 Ballistics
35:34 Fortified Wall
43:27 Imperial Age
42:13 Chain Mail Armor
41:49 Fletching
43:37 Murder Holes
43:37 Heavy Scorpion
44:39 Conscription
44:20 Double Crossbow
44:22 Tusk Swords
44:24 Double Crossbow
45:46 Halberdier
47:10 Elite Battle Elephant
47:17 Elite Ballista Elephant
48:35 Plate Barding Armor
49:08 Blast Furnace
48:53 Capped Ram
54:30 Siege Ram
Solo-Talent
1:08 Loom
15:48 Feudal Age
20:13 Double-Bit Axe
20:11 Horse Collar
21:31 Fletching
21:54 Forging
27:07 Castle Age
26:30 Bloodlines
26:32 Scale Barding Armor
27:37 Padded Archer Armor
28:05 Thumb Ring
29:45 Bodkin Arrow
30:20 Heavy Plow
30:56 Bow Saw
33:05 Wheelbarrow
34:52 Crossbowman
36:59 Fortified Wall
37:22 Ballistics
39:11 Murder Holes
41:38 Gold Mining
Chrisaefer
1:01 Loom
1:16 Loom
12:52 Feudal Age
13:18 Double-Bit Axe
13:17 Horse Collar
14:14 Wheelbarrow
16:33 Gold Mining
22:22 Castle Age
20:24 Stone Mining
23:29 Bow Saw
23:22 Heavy Plow
23:37 Forging
23:27 Scale Mail Armor
24:24 Hand Cart
27:04 Stone Shaft Mining
27:51 Iron Casting
27:32 Chain Mail Armor
27:21 Pikeman
30:42 Imperial Age
30:50 Imperial Age
30:18 Squires
31:59 Caravan
33:23 Conscription
32:40 Heavy Scorpion
35:38 Ironclad
37:04 Crenellations
38:26 Two-Man Saw
38:04 Crop Rotation
40:11 Chemistry
39:17 Siege Engineers
42:11 Elite Teutonic Knight
44:48 Blast Furnace
44:18 Plate Mail Armor
Connection lost

Rejoining the realm…

Still unreachable

The connection could not be restored.

Session expired

The server has moved on; the page needs a fresh start.